 Dungeon Crawl Stone Soup version 0.28-a0-556-gab23d0e057 (webtiles) character file.

Game seed: 10849646109835925391

529 sanka the Chopper (level 7, -4/59 HPs)
             Began as a Palentonga Fighter on Sept 28, 2021.
             Slain by an ogre (18 damage)
             ... on level 4 of the Dungeon.
             The game lasted 00:07:41 (4619 turns).

sanka the Chopper (Palentonga Fighter)              Turns: 4619, Time: 00:07:42

Health: -4/59      AC: 13    Str: 19    XL:     7   Next: 3%
Magic:  7/7        EV:  7    Int:  8    God:
Gold:   175        SH:  4    Dex: 12    Spells: 6/6 levels left

rFire   + . .      SeeInvis +   a - +1 war axe (vorpal)
rCold   . . .      Faith    .   c - +0 buckler
rNeg    . . .      Spirit   .   b - +0 scale mail
rPois   .          Reflect  .   j - +0 hat
rElec   .          Harm     .   (no cloak)
rCorr   +          Rampage  .   (no gloves)
Will    .....                   (no barding)
Stlth   ..........              (no amulet)
HPRegen 0.19/turn               h - ring of resist corrosion
MPRegen 0.10/turn               f - ring of protection from fire

@: curled up
A: large, rugged brown scales 3, see invisible, deformed body, roll 1, armoured
tail, reflexive curl
a: Rolling Charge


You were on level 4 of the Dungeon.
You visited 1 branch of the dungeon, and saw 6 of its levels.
You also visited: Sewer.

You collected 175 gold pieces.


Innate Abilities, Weirdness & Mutations

You are completely covered in rugged brown scales. (AC +3, +7% HP)
You have supernaturally acute eyesight. (SInv)
Armour fits poorly on your strangely shaped body.
You can roll at nearby foes to attack.
You have a long armoured tail.
You curl defensively after being hit.


   Skills:
 + Level 5.2 Fighting
 * Level 6.4 Axes
 - Level 2.4 Armour
 - Level 2.4 Shields


You had 6 spell levels left.
You didn't know any spells.
Your spell library contained the following spells:

 Spells                   Type           Power      Damage    Failure   Level
 Ensorcelled Hibernation  Hex/Ice        0%         N/A       89%         2
 Scorch                   Fire           0%         2d5       89%         2
 Spider Form              Tmut/Pois      0%         N/A       98%         3
 Tukima's Dance           Hex            0%         N/A       98%         3
 Flame Wave               Conj/Fire      0%         3d3       100%        4
 Summon Cactus Giant      Summ           0%         N/A       100%        6

Inventory:

Hand Weapons
 a - a +1 vorpal war axe (weapon)
 d - a +1 battleaxe of freezing
 o - a +1 dagger of venom
Armour
 b - a +0 scale mail (worn)
 c - a +0 buckler (worn)
 j - a +0 hat (worn)
 k - a +1 barding
Jewellery
 f - a ring of protection from fire (right hand)
 h - a ring of resist corrosion (left hand)
 A - a ring of wizardry
Wands
 n - a wand of polymorph (10)
Scrolls
 e - a scroll of enchant weapon {unknown}
 m - 2 scrolls of blinking
 v - a scroll of magic mapping {unknown}
 x - a scroll of fear {unknown}
 y - a scroll of summoning
 z - a scroll of teleportation {@r4}
Potions
 g - 2 potions of flight {unknown}
 l - 2 potions of brilliance {unknown}
 p - 2 potions of cancellation {unknown}
 q - a potion of curing {unknown}
 r - a potion of heal wounds {@q2}
 s - 2 potions of degeneration {unknown}
 t - a potion of invisibility
 u - 2 potions of resistance {unknown}
 w - 2 potions of haste {unknown}

Dungeon Overview and Level Annotations

Branches:
Dungeon (6/15)              Sewer (visited)
 Temple: D:4-7

Altars:
Gozag
Makhleb
Zin

Shops:
D:4 =   D:6 :

Annotations:
D:3 3 runed translucent doors, bmj180's ghost, amateur HOFi
D:5 Ijyb

.▒ ▒.....▒ .▒ ▒.▒.▒▒▒ ▒▒▒▒ .▒
▒.▒.▒ ▒▒..▒+▒ .▒ ▒.▒+▒▒▒
▒....▒▒ .▒ ▒.....▒ ▒....'. .▒
▒.....▒ ▒).▒▒. .▒ ▒.....▒
▒▒'▒▒. .▒
▒▒▒▒▒▒▒▒▒.....▒▒▒▒▒▒▒▒▒▒.†▒▒
.▒
▒..........HO.........▒....▒
.▒
▒▒▒.▒▒▒▒▒▒▒▒▒▒▒▒▒▒▒▒▒▒▒.▒....'
.▒ ▒...▒▒▒▒▒ ▒.▒▒..▒▒
.▒▒▒.......▒ ▒..▒▒▒▒.
▒▒.........▒ ▒▒.O..▒.
.▒.........▒ ▒▒▒▒O▒▒
.+.........▒ ▒..▒
.▒▒▒▒..(...▒▒ ▒▒.. .▒
▒.▒▒▒▒..▒ ▒▒▒


You could see an ogre.


Message History

You now have 175 gold pieces (gained 16).
There is a stone staircase leading up here.
As you read the scroll labelled KAENI WYOTTO, it crumbles to dust.
It is a scroll of identify.
m - 2 scrolls of blinking
As you read the scroll of identify {@r1}, it crumbles to dust.
z - a scroll of teleportation
As you read the scroll of identify {@r1}, it crumbles to dust.
y - a scroll of summoning
Okay, then.
You climb upwards.
The ogre barely misses you.
There is a stone staircase leading down here.
Unknown command.
You closely miss the ogre. You tail-slap the ogre.
The ogre is lightly wounded.
The ogre hits you with a +0 giant club!!
Ouch! That really hurt!
* * * LOW HITPOINT WARNING * * *
You hit the ogre but do no damage.
Your tail-slap misses the ogre.
The ogre is lightly wounded.
The ogre hits you with a +0 giant club!
* * * LOW HITPOINT WARNING * * *
Unknown command.
You slash the ogre!
The ogre is heavily wounded.
The ogre hits you with a +0 giant club!!
You die...

Action                   |  1- 3 |  4- 6 |  7- 9 || total
-------------------------+-------+-------+-------++-------
Melee: War axe           |    71 |   207 |     3 ||   281
       Tailslap          |     4 |    22 |     1 ||    27
 Abil: Rolling Charge    |     2 |     6 |       ||     8
  Use: Potion            |       |     3 |       ||     3
       Scroll            |       |       |     3 ||     3
Armor: Scale mail        |    40 |    88 |       ||   128
Dodge: Dodged            |    41 |    64 |     1 ||   106
Block: Buckler           |    21 |    45 |       ||    66

Levels and vault maps discovered:
D:1:      minmay_arrival_diagonal_passages, layout_rooms,
          minmay_misc_feat_columns, minmay_misc_feat_pillars
D:2:      layout_basic
D:3:      layout_basic, grunt_gozag_statues, basic_ecumenical_altar,
          gammafunk_ghost_nasty_kobolds, grunt_ministairs_15
D:4:      minmay_bubble_buster, layout_basic, lemuel_crystal_altar,
          nicolae_overflow_crystal_walls, portal_sewer_entry_a, serial_shops,
          shop_fountains
D:5:      layout_rooms, fedhas_altar_decomposition,
          mainiacjoe_overflow_brackets, minmay_temple_entry_statues_pillars,
          corexii_shack, uniq_crazy_yiuf_cottage, uniq_ijyb, uniq_pikel,
          uniq_blork_the_orc, uniq_menkaure
D:6:      layout_layer_cave, general_overflow_altar, serial_shops,
          nicolae_square_shop

Notes
Turn   | Place    | Note
-------+----------+-------------------------------------------
     0 | D:1      | sanka the Palentonga Fighter began the quest for the Orb.
     0 | D:1      | Reached XP level 1. HP: 19/19 MP: 1/1
   102 | D:1      | Reached XP level 2. HP: 25/25 MP: 2/2
   301 | D:1      | Reached skill level 3 in Axes
   436 | D:1      | Reached XP level 3. HP: 23/31 MP: 3/3
   943 | D:2      | Reached XP level 4. HP: 19/39 MP: 4/4
  1224 | D:2      | Reached skill level 4 in Axes
  1659 | D:3      | Found a faded altar of an unknown god.
  1767 | D:3      | Found an opulent altar of Gozag.
  2067 | D:3      | Reached skill level 4 in Fighting
  2317 | D:3      | Noticed a kobold brigand
  2318 | D:3      | Found a runed translucent gate.
  2319 | D:3      | Found a runed translucent gate.
  2321 | D:3      | Noticed bmj180's ghost (amateur HOFi)
  2326 | D:3      | Reached XP level 5. HP: 44/44 MP: 5/5
  2421 | D:3      | Found a runed translucent gate.
  2553 | D:4      | Found a burning altar of Makhleb.
  2579 | D:4      | Found Icwujabb's Jewellery Shoppe.
  2622 | D:4      | Noticed a necrophage
  2643 | D:4      | Killed a necrophage
  2644 | D:4      | Reached skill level 5 in Axes
  2772 | D:4      | Found a glowing drain.
  2809 | Sewer    | Entered a sewer
  3020 | Sewer    | Reached XP level 6. HP: 52/52 MP: 6/6
  3500 | D:4      | Found a glowing silver altar of Zin.
  3936 | D:4      | Reached skill level 6 in Axes
  3948 | D:4      | Reached skill level 5 in Fighting
  4062 | D:5      | Entered Level 5 of the Dungeon
  4062 | D:5      | Noticed Blork the orc
  4068 | D:6      | HP: 4/54 [adder (4)]
  4308 | D:6      | Found Olitaajes's Book Emporium.
  4332 | D:5      | Noticed Ijyb
  4440 | D:5      | HP: 3/54 [Blork the orc (16)]
  4440 | D:5      | HP: 1/54 [Blork the orc (2)]
  4443 | D:5      | Killed Blork the orc
  4444 | D:5      | Gained mutation: You curl defensively after being hit.
                  | [Palentonga growth]
  4444 | D:5      | Reached XP level 7. HP: 33/59 MP: 7/7
  4619 | D:4      | Slain by an ogre

Vanquished Creatures
  A necrophage (D:4)
  An ogre (D:4)
  Blork the orc (D:5)
  A howler monkey (D:4)
  A hound (D:4)
  An orc wizard (D:4)
  5 adders
  4 gnolls (D:2)
  A river rat (D:4)
  7 dart slugs
  4 orcs
  5 bats
  6 endoplasms
  8 giant cockroaches
  8 goblins
  2 hobgoblins (D:1)
  7 jackals (Sewer)
  4 quokkas
  10 ball pythons
  6 frilled lizards
  7 kobolds
  8 rats
98 creatures vanquished.

Vanquished Creatures (others)
  13 plants (Sewer)
13 creatures vanquished.

Grand Total: 111 creatures vanquished
